 Dungeon Crawl Stone Soup version 0.30.0-10-gfe55d96785 (webtiles) character file.

Game seed: 2088017467367194886

4 NinjaNoafa the Charlatan (level 1, 0/15 HPs)
             Began as a Merfolk Artificer on May 14, 2023.
             Slain by a rat (2 damage)
             ... on level 1 of the Dungeon on May 15, 2023.
             The game lasted 00:01:53 (103 turns).

NinjaNoafa the Charlatan (Merfolk Artificer)         Turns: 103, Time: 00:01:53

Health: 0/15       AC:  3    Str: 12    XL:     1   Next: 70%
Magic:  1/1        EV: 12    Int: 10    God:
Gold:   15         SH:  0    Dex: 14    Spells: 0/0 levels left

rFire   . . .        a - +0 club
rCold   . . .        (no shield)
rNeg    . . .        b - +0 leather armour
rPois   .            (no helmet)
rElec   .            (no cloak)
rCorr   .            (no gloves)
SInv    .            (no boots)
Will    .....        (no amulet)
Stlth   +            (no ring)
HPRegen 0.22/turn    (no ring)
MPRegen 0.07/turn

%: no passive effects
@: no status effects
A: (nimble swimmer 2), mertail
a: no special abilities


You were on level 1 of the Dungeon.
You visited 1 branch of the dungeon, and saw 1 of its levels.

You collected 15 gold pieces.

Inventory:

Hand Weapons
 a - a +0 club (weapon)
Armour
 b - a +0 leather armour (worn)
Wands
 c - a wand of flame (12) (quivered)
 d - a wand of charming (15)
 e - a wand of iceblast (5)
Scrolls
 f - a scroll of teleportation {unknown}


   Skills:
 * Level 1.5 Fighting
 - Level 0.6 Armour
 + Level 2.8 Dodging
 - Level 1.1 Stealth
 + Level 3.0 Evocations


You couldn't memorise any spells.
You didn't know any spells.
Your spell library was empty.

Dungeon Overview and Level Annotations

Branches:
Dungeon (1/15) Zot: 5891

Altars:


Innate Abilities, Weirdness & Mutations

((You are very nimble when in or above water. (Stealth+, EV+, Speed+++)))
Your lower body shifts to a powerful aquatic tail in water.


Message History

You closely miss the ball python. The ball python closely misses you.
The ball python constricts you. The ball python bites you.
The ball python constricts you.
* * * LOW HITPOINT WARNING * * *
Unknown command.
You closely miss the ball python. The ball python bites you.
* * * LOW HITPOINT WARNING * * *
The ball python constricts you.
* * * LOW HITPOINT WARNING * * *
Aiming: Throw Flame
Press: ? - help, Q - select action, (/) - cycle Shift-Dir - straight line, f - ball python
Aim: a ball python (constricting you, 68% to hit)
The puff of flame hits the ball python.
The ball python is severely wounded.
The ball python bites you but does no damage.
The ball python constricts you.
* * * LOW HITPOINT WARNING * * *
The ball python closely misses you. The ball python constricts you.
Unknown command.
Unknown command.
You barely miss the ball python.
The ball python is severely wounded.
The ball python bites you.
* * * LOW HITPOINT WARNING * * *
The ball python constricts you.
* * * LOW HITPOINT WARNING * * *
Aiming: Throw Flame
Press: ? - help, Q - select action, (/) - cycle Shift-Dir - straight line, f/p - ball python
Aim: a ball python (severely wounded, constricting you, 68% to hit)
The puff of flame hits the ball python!
You kill the ball python!
Unknown command.
Aiming: Throw Flame
Press: ? - help, Q - select action, (/) - cycle Shift-Dir - straight line, f - rat
Aim: a rat (71% to hit)
The puff of flame misses the rat.
The rat barely misses you.
Unknown command.
You barely miss the rat. The rat bites you.
You die...

#.....# #.....# #.....###
#.......# ........# ....
.####...# ....
....#.############ .....
..#.#.#..........# .....
......#.########@# ......
......#.########r##......
####..#.##...............
........##............!..
######..##..............#
.. #..##..............#
8. #..##..............# .
#..##..............#
###..###########.....#


You could see a rat.

Vanquished Creatures
  An endoplasm (D:1)
  A goblin (D:1)
  2 ball pythons (D:1)
  A rat (D:1)
5 creatures vanquished.

Notes
Turn   | Place    | Note
-------+----------+-------------------------------------------
     0 | D:1      | NinjaNoafa the Merfolk Artificer began the quest for the
                  | Orb.
     0 | D:1      | Reached XP level 1. HP: 15/15 MP: 1/1
     6 | D:1      | Noticed a hound
     6 | D:1      | Noticed a black bear
     6 | D:1      | Noticed a black mamba
     6 | D:1      | Noticed a rime drake
   103 | D:1      | Slain by a rat

Illustrated notes

Levels and vault maps discovered:
D:1:      onia_arrival_zoo_common, layout_basic, minmay_3d_cube

Action                     || total
---------------------------++-------
  Melee: Club              ||    15
  Evoke: Wand              ||     3
 Armour: Leather armour    ||     7
  Dodge: Dodged            ||    13
